 Dungeon Crawl Stone Soup version 0.28-a0-751-gef3a642a4e (webtiles) character file.

Game seed: 1936275314934565480

1040 KoroneIsBestGirl the Frost Mage (level 8, -7/52 HPs)
             Began as a Barachi Ice Elementalist on Oct 31, 2021.
             Was an Initiate of Gozag.
             Mangled by a wyvern zombie (9 damage)
             ... on level 6 of the Dungeon.
             The game lasted 00:07:02 (8250 turns).

KoroneIsBestGirl the Frost Mage (BaIE)              Turns: 8250, Time: 00:07:03

Health: -7/52      AC:  4    Str: 10      XL:     8   Next: 24%
Magic:  13/16      EV: 14    Int: 15 (18) God:    Gozag
Gold:   224        SH:  0    Dex: 12      Spells: 14/18 levels left

rFire   . . .      SeeInvis .   g - +1 short sword
rCold   + . .      Faith    .   (no shield)
rNeg    + . .      Spirit   .   a - +0 robe
rPois   .          Reflect  .   (no helmet)
rElec   .          Harm     .   b - +0 cloak
rCorr   .          Rampage  .   h - +0 pair of gloves
Will    .....                   (no boots)
Stlth   ++........              (no amulet)
HPRegen 0.17/turn               m - ring of protection from cold
MPRegen 0.15/turn               q - ring of positive energy

@: unable to hop, slow
A: amphibious, slowness 1, strong legs 1, +LOS
a: Hop, Renounce Religion, Potion Petition, Call Merchant, Bribe Branch


You were on level 6 of the Dungeon.
You worshipped Gozag.
Gozag was aware of your devotion.
You visited 2 branches of the dungeon, and saw 7 of its levels.

You collected 300 gold pieces.
You paid 76 gold pieces to Gozag.

Inventory:

Hand Weapons
 g - a +1 short sword (weapon)
Armour
 a - a +0 robe (worn)
 b - a +0 cloak (worn)
 c - a +0 scale mail
 h - a +0 pair of gloves (worn)
Jewellery
 m - a ring of protection from cold (left hand)
 q - a ring of positive energy (right hand)
Wands
 j - a wand of polymorph (3)
Scrolls
 d - a scroll of immolation
 e - 6 scrolls of fear
 f - a scroll of fog
 i - a scroll of magic mapping
 l - 2 scrolls of amnesia
 o - 3 scrolls of teleportation
 p - a scroll of blinking
Potions
 k - 2 potions of ambrosia {unknown}
 n - 2 potions of degeneration {unknown}
 r - a potion of heal wounds {unknown}
 t - a potion of resistance {unknown}
 u - a potion of magic {unknown}


   Skills:
 + Level 6.2 Dodging
 - Level 1.7 Stealth
 + Level 5.7 Spellcasting
 + Level 8.1 Ice Magic


You had 14 spell levels left.
You knew the following spells:

 Your Spells              Type           Power      Damage    Failure   Level
a - Freeze                Ice            100%       1d11      1%          1
b - Frozen Ramparts       Ice            56%        1d7       1%          3

Your spell library contained the following spells:

 Spells                   Type           Power      Damage    Failure   Level
 Ozocubu's Armour         Ice            28%        N/A       1%          3
 Hailstorm                Conj/Ice       16%        3d6       28%         4
 Portal Projectile        Hex/Tloc       8%         N/A       41%         3
 Passage of Golubria      Tloc           4%         N/A       83%         4
 Blade Hands              Tmut           2%         N/A       99%         5
 Excruciating Wounds      Necr           2%         N/A       99%         5
 Silence                  Hex/Air        2%         N/A       99%         5
 Lehudib's Crystal Spear  Conj/Erth      2%         10d2      100%        8


Dungeon Overview and Level Annotations

Branches:
Dungeon (6/15)             Temple (1/1) D:5

Altars:
Ashenzari
Cheibriados
Dithmenos
Fedhas
Gozag
Makhleb
Ru
Sif Muna
Trog
Uskayaw
Vehumet
Yredelemnul
Zin
The Shining One

Annotations:
D:5 Grinder
D:6 Maggie


Innate Abilities, Weirdness & Mutations

You are amphibious.
You cover ground slowly.
You can hop short distances.
You have an extended range of vision and can be seen from far away.


Message History

You are too injured to fight recklessly!
You are too injured to fight recklessly!
You barely miss the wyvern zombie.
The wyvern zombie is lightly damaged.
The wyvern zombie is distracted by your dazzling golden aura.
You hit the wyvern zombie but do no damage.
The wyvern zombie is no longer distracted by gold.
The wyvern zombie is lightly damaged.
The wyvern zombie bites you but does no damage.
You hit the wyvern zombie but do no damage.
The wyvern zombie is lightly damaged.
The wyvern zombie bites you!
* * * LOW HITPOINT WARNING * * *
You hit the wyvern zombie.
The wyvern zombie is lightly damaged.
The wyvern zombie is distracted by your dazzling golden aura.
You barely miss the wyvern zombie.
The wyvern zombie is no longer distracted by gold.
The wyvern zombie is lightly damaged.
The wyvern zombie closely misses you.
Okay, then.
Hop to where?
Press: ? - help, Dir - move target
Found a scale mail.
Boing!
You see here a +0 scale mail.
Okay, then.
As you read the scroll labelled BIOMNO LUSAY, it crumbles to dust.
You hear a loud clanging noise!
It was a scroll of noise.
You hear a shout! x2
The wyvern zombie closely misses you.
Found a stone staircase leading up.
The wyvern zombie bites you!
* * * LOW HITPOINT WARNING * * *
Maggie the Vainglorious comes into view.
She is wielding a +2 scimitar of holy wrath.
Found 20 gold pieces.
Maggie shouts!
A scorpion comes into view.
The wyvern zombie bites you!
You die...
Your body crumbles into a pile of gold.

##################
#..[....Z@........
######.#######..#######
#..........# #.<#
##.)####.........@#
..))....Z........$.
###[####.###.####.#s
##.## #.# .# ....
##...#.#$###.# ## ##
...#.##....#.# ##


You could see Maggie, a scorpion (wandering) and a wyvern zombie.

Vanquished Creatures
  Edmund (D:6)
  A sky beast (D:3)
  A necrophage (D:5)
  3 ogres
  A kobold brigand (D:6)
  A bullfrog (D:6)
  A jelly (D:5)
  2 hounds
  3 iguanas
  A hound skeleton (D:4)
  9 adders
  2 shadow imps
  A white imp (D:5)
  2 worms
  2 dart slugs (D:1)
  3 orcs (D:4)
  7 bats
  7 endoplasms
  4 giant cockroaches
  6 goblins
  3 hobgoblins
  4 jackals (D:2)
  3 quokkas
  10 ball pythons
  A frilled lizard (D:1)
  8 kobolds
  2 rats
89 creatures vanquished.

Notes
Turn   | Place    | Note
-------+----------+-------------------------------------------
     0 | D:1      | KoroneIsBestGirl the Barachi Ice Elementalist began the
                  | quest for the Orb.
     0 | D:1      | Reached XP level 1. HP: 13/13 MP: 3/3
   126 | D:1      | Reached skill level 5 in Ice Magic
   202 | D:1      | Reached XP level 2. HP: 19/19 MP: 0/5
   872 | D:2      | Reached XP level 3. HP: 16/24 MP: 2/7
   881 | D:1      | Learned a level 3 spell: Frozen Ramparts
  1389 | D:2      | Reached XP level 4. HP: 21/30 MP: 5/8
  1921 | D:3      | Found a blossoming altar of Fedhas.
  1967 | D:3      | Noticed a sky beast
  1981 | D:3      | Killed a sky beast
  1982 | D:3      | Reached skill level 6 in Ice Magic
  1982 | D:3      | Reached XP level 5. HP: 35/35 MP: 3/10
  2273 | D:3      | Found a faded altar of an unknown god.
  2293 | D:3      | Prayed at the altar of an unknown god.
  2293 | D:3      | Became a worshipper of Sif Muna the Loreminder
  2293 | D:3      | Reached * piety under Sif Muna
  2354 | D:3      | Reached XP level 6. HP: 41/41 MP: 8/11
  3384 | D:5      | Entered Level 5 of the Dungeon
  3516 | D:5      | Found a staircase to the Ecumenical Temple.
  3563 | Temple   | Entered the Ecumenical Temple
  3672 | D:5      | Reached skill level 5 in Dodging
  3672 | D:5      | Reached skill level 7 in Ice Magic
  3672 | D:5      | Reached XP level 7. HP: 29/46 MP: 6/14
  3841 | D:5      | Found an opulent altar of Gozag.
  3874 | D:5      | Fell from the grace of Sif Muna
  3874 | D:5      | Became a worshipper of Gozag Ym Sagoz the Greedy
  4108 | D:5      | Reached skill level 5 in Spellcasting
  4325 | D:5      | Noticed Grinder
  4325 | D:5      | Paralysed by Grinder for 2 turns
  8020 | D:6      | Reached XP level 8. HP: 25/52 MP: 6/16
  8211 | D:6      | Noticed Edmund
  8234 | D:6      | Killed Edmund
  8235 | D:6      | Reached skill level 8 in Ice Magic
  8248 | D:6      | HP: 2/52 [wyvern zombie (13)]
  8249 | D:6      | Noticed Maggie
  8250 | D:6      | Mangled by a wyvern zombie

Illustrated notes

Levels and vault maps discovered:
D:1:      wander_arrival_estate, layout_basic, minmay_tromino_i4
D:2:      layout_rooms
D:3:      layout_basic, lemuel_crystal_altar,
          shapermc_ecumenical_altar_starsandcircs, serial_glass,
          glass_columns_a, glass_columns_b, glass_columns_a, glass_columns_a,
          glass_columns_a, glass_columns_c
D:4:      layout_rooms, grunt_decor_junction
D:5:      layout_rooms, amcnicky_altar_gilded,
          minmay_temple_entry_drinking_statues, serial_glass, glass_columns_b,
          glass_columns_a, glass_columns_b, glass_columns_b, glass_columns_b,
          glass_columns_c, due_unseen_surprise, minmay_misc_feat_iff,
          uniq_grinder
D:6:      layout_loops_ring, kennysheep_small_square, uniq_edmund, uniq_maggie,
          uniq_blork_the_orc, uniq_sigmund
Temple:   nicolae_temple_x_marks_the_god

Skill      XL: |  1  2  3  4  5  6  7  8 |
---------------+-------------------------+-----
Ice Magic      | 5 6 7 8 |  8.1
Dodging        | 3 4 5 6 |  6.2
Spellcasting   | 3 4 5 |  5.7
Stealth        | |  1.7

Action                   |  1- 3 |  4- 6 |  7- 9 || total
-------------------------+-------+-------+-------++-------
Melee: Unarmed           |     5 |       |       ||     5
       Short sword       |    12 |    55 |    37 ||   104
 Cast: Freeze            |    44 |    53 |    27 ||   124
       Frozen Ramparts   |     1 |     7 |     4 ||    12
 Abil: Hop               |     1 |       |     1 ||     2
  Use: Scroll            |       |     8 |     1 ||     9
 Stab: Sleeping          |     1 |       |       ||     1
       Distracted        |       |       |     1 ||     1
Armor: Robe              |    18 |    40 |    13 ||    71
Dodge: Dodged            |    29 |    76 |    38 ||   143

Table legend: (Time is in decaauts)
 A = Elapsed time spent in this place.
 B = Non-inter-level travel time spent in this place.
 C = Inter-level travel time spent in this place.
 D = Time resting spent in this place.
 E = Time spent auto-exploring this place.
 F = Levels seen in this place.
 G = Mean time per level.
                   A        B        C        D        E       F      G
               +--------+--------+--------+--------+--------+-----+--------+
         Total |   8736 |   8615 |    121 |   3748 |   3967 |   7 | 1248.0 |
       Dungeon |   8666 |   8554 |    112 |   3748 |   3912 |   6 | 1444.3 |
        Temple |     70 |     62 |      8 |      0 |     55 |   1 |   70.0 |
               +--------+--------+--------+--------+--------+-----+--------+

Top non-repeatable levels by time:
     D:4: 4315 daAuts
     D:3: 1193 daAuts
     D:1: 1182 daAuts
     D:5: 1018 daAuts
     D:2: 700 daAuts
     D:6: 254 daAuts
  Temple: 70 daAuts
